 Dungeon Crawl Stone Soup version 0.31-a0-486-g8d68a81214 (webtiles) character file.

Game seed: 3556366938767584651

77 HallandMoats the Trooper (level 4, -1/37 HPs)
             Began as a Demonspawn Monk on Aug 7, 2023.
             Slain by a gnoll
             ... wielding a +0 flail
              (8 damage)
             ... on level 4 of the Dungeon.
             The game lasted 00:03:47 (2015 turns).

HallandMoats the Trooper (Demonspawn Monk)          Turns: 2015, Time: 00:03:47

Health: -1/37      AC: 12    Str: 16    XL:     4   Next: 13%
Magic:  6/6        EV:  9    Int: 15    God:
Gold:   148        SH:  0    Dex: 15    Spells: 3/3 levels left

rFire   . . .        o - +2 short sword (venom)
rCold   . . .        d - orb {light}
rNeg    . . .        g - +0 chain mail
rPois   .            h - melded +0 helmet
rElec   .            (cloak currently unavailable)
rCorr   .            n - melded +0 pair of gloves
SInv    +            (boots currently unavailable)
Will    .....        (no amulet) Stlth
                     m - ring of see invisible
HPRegen 0.26/turn    t - ring of the Komodo Dragon {AC+4 Str+3 Int+3}
MPRegen 0.10/turn

%: no passive effects
@: beast-form, glowing
A: beast (slay +0), sturdy frame 1
a: Begin Untransformation


You were on level 4 of the Dungeon.
You were a hulking beast.
You visited 1 branch of the dungeon, and saw 4 of its levels.

You collected 148 gold pieces.

Inventory:

Hand Weapons
 a - a +0 hand axe
 o - a +2 short sword of venom (weapon)
Armour
 d - an orb of light (worn)
 g - a +0 chain mail (worn)
 h - a +0 helmet (melded)
 n - a +0 pair of gloves (melded)
 s - a +0 hat of stealth
Jewellery
 m - a ring of see invisible (left hand)
 t - the ring of the Komodo Dragon (right hand) {AC+4 Str+3 Int+3}
   (You found it on level 4 of the Dungeon)

   [ring of protection]

   AC:        It affects your AC (+4).
   Str:       It affects your strength (+3).
   Int:       It affects your intelligence (+3).
Talismans
 i - a beast talisman (active)
Scrolls
 k - 4 scrolls of identify {unknown}
 l - 4 scrolls of enchant armour {unknown}
 p - 2 scrolls of blinking {unknown}
 q - 2 scrolls of noise {unknown}
 r - a scroll of poison {unknown}
Potions
 b - 2 potions of curing {unknown}
 c - a potion of ambrosia
 e - 2 potions of berserk rage {unknown}
 f - 2 potions of attraction {unknown}
 j - 2 potions of invisibility {unknown}


   Skills:
 * Level 3.8 Fighting
 - Level 3.3 Axes
 - Level 2.6 Dodging
 * Level 2.6 Invocations
 + Level 0.0 Shapeshifting


You had 3 spell levels left.
You didn't know any spells.
Your spell library contained the following spells:

 Spells                   Type           Power      Damage    Failure   Level
 Apportation              Tloc           0%         N/A       88%         1
 Necrotise                Necr           0%         1d4       88%         1
 Summon Small Mammal      Summ           0%         N/A       88%         1
 Gell's Gravitas          Tloc           0%         N/A       99%         3
 Teleport Other           Tloc           0%         N/A       99%         3
 Dispersal                Tloc           0%         N/A       100%        6


Dungeon Overview and Level Annotations

Branches:
Dungeon (4/15)
 Temple: D:4-7

Altars:


Innate Abilities, Weirdness & Mutations

You are a hulking beast.
Your limbs bulge with bestial killing power. (Slay +0)
Your movements are slightly less encumbered by armour. (ER -2)


Message History

The endoplasm is heavily wounded.
The endoplasm barely misses you.
You hit the endoplasm but do no damage.
The endoplasm is heavily wounded.
The endoplasm freezes you.
You are frozen.
You hit the endoplasm.
You kill the endoplasm!
A ball python comes into view.
The ball python hisses angrily.
A ball python is nearby!
A ball python is nearby!
A ball python is nearby!
The ball python barely misses you. The ball python grabs you.
The ball python constricts you.
You hit the ball python.
You kill the ball python!
A gnoll comes into view. It is wielding a +0 flail.
The gnoll shouts!
The gnoll moves out of view.
A gnoll comes into view. It is wielding a +0 spear.
You see here a ball python corpse.
A gnoll is nearby!
A gnoll is nearby!
A gnoll is nearby!
A gnoll comes into view. It is wielding a +0 flail.
The gnoll shouts! x2; You hear a shout!
A gnoll comes into view. It is wielding a +0 flail.
The gnoll moves out of view.
An orc comes into view. It is wielding a +0 club.
The gnoll hits you from afar with a +0 spear.
The gnoll attacks as you move away! The gnoll barely misses you.
The gnoll attacks as you move away! The gnoll hits you with a +0 flail.
The gnoll attacks as you move away! The gnoll barely misses you.
The gnoll attacks as you move away! The gnoll hits you with a +0 flail!
The gnoll attacks as you move away! The gnoll hits you with a +0 flail!
* * * LOW HITPOINT WARNING * * *
The gnoll attacks as you move away! The gnoll hits you but does no damage.
The gnoll attacks as you move away! The gnoll hits you with a +0 flail!
You die...

######################.##.#
# #.##.# ### #.##.# #.#
#.##.# ######.# #.##.#
#......# #.##.# #.#g...#
#.##.# #g#.g..####.##.## o#
#.#######.#..h..).......#
.....o....o.........##.##..#
....######.#.#...##.##.##..#
.........g.#.######.##.##..#
........##.#.# #.##.##..#
.........#.#.# #.##.##..#
.......#...#.# .........#
.......##.†..# #.##.###.#
####### ##...#


You could see 2 gnolls and an orc.

Vanquished Creatures
  An adder (D:4)
  4 dart slugs
  2 orcs
  4 endoplasms
  A giant cockroach (D:1)
  5 goblins
  7 hobgoblins
  3 jackals (D:1)
  3 kobolds
  A quokka (D:2)
  9 ball pythons
  7 bats
  4 frilled lizards
  4 rats
55 creatures vanquished.

Notes
Turn   | Place    | Note
-------+----------+-------------------------------------------
     0 | D:1      | HallandMoats the Demonspawn Monk began the quest for the
                  | Orb.
     0 | D:1      | Reached XP level 1. HP: 18/18 MP: 1/1
   137 | D:1      | Reached skill level 1 in Invocations
   173 | D:1      | Gained mutation: Your movements are slightly less
                  | encumbered by armour. (ER -2) [demonic ancestry]
   173 | D:1      | Reached XP level 2. HP: 13/24 MP: 2/2
   697 | D:2      | Reached XP level 3. HP: 29/29 MP: 4/4
  1756 | D:4      | Identified the ring of the Komodo Dragon {AC+4 Str+3 Int+3}
  1947 | D:4      | Reached XP level 4. HP: 37/37 MP: 5/5
  2015 | D:4      | Slain by a gnoll

Illustrated notes

Levels and vault maps discovered:
D:1:      dpeg_arrival_stone_temple_mockup, layout_rooms
D:2:      layout_loops_ring
D:3:      layout_rooms
D:4:      layout_basic, nicolae_hepliaklqana_monster_ancestors, serial_shops,
          nicolae_lakefront_shop, minmay_manual_monstrance

Skill      XL: |  1  2  3 |
---------------+----------+-----
Invocations    | 1 2 |  2.6
Axes           | 3 |  3.3
Fighting       | |  3.8
Dodging        | |  2.6

Action                     |  1- 3 |  4- 6 || total
---------------------------+-------+-------++-------
  Melee: Hand axe          |    89 |       ||    89
         Short sword       |    34 |    10 ||    44
 Armour: Robe              |     2 |       ||     2
         Chain mail        |    59 |     1 ||    60
  Dodge: Dodged            |    54 |     6 ||    60
   Form: Beast             |     2 |       ||     2
                           |     1 |       ||     1

Table legend: (Time is in decaauts)
 A = Elapsed time spent in this place.
 B = Non-inter-level travel time spent in this place.
 C = Inter-level travel time spent in this place.
 D = Time resting spent in this place.
 E = Time spent auto-exploring this place.
 F = Levels seen in this place.
 G = Mean time per level.
                   A        B        C        D        E       F      G
               +--------+--------+--------+--------+--------+-----+--------+
         Total |   2026 |   1934 |     92 |     29 |   1411 |   4 |  506.5 |
       Dungeon |   2026 |   1934 |     92 |     29 |   1411 |   4 |  506.5 |
               +--------+--------+--------+--------+--------+-----+--------+

Top non-repeatable levels by time:
     D:2: 718 daAuts
     D:1: 660 daAuts
     D:3: 378 daAuts
     D:4: 269 daAuts
